 Dungeon Crawl Stone Soup version 0.16.1-2-g95b8d4c (webtiles) character file.

470 Ololoev the Jester (level 6, -1/38 HPs)
             Began as a High Elf Artificer on Mar 25, 2015.
             Was a Follower of Nemelex Xobeh.
             Slain by an ice beast (13 damage)
             ... on level 5 of the Dungeon.
             The game lasted 00:14:02 (6958 turns).

Ololoev the Jester (High Elf Artificer)             Turns: 6958, Time: 00:14:04

Health: -1/38      AC:  3    Str: 12    XL:     6   Next: 82%
Magic:  18/18      EV: 12    Int: 17    God:    Nemelex Xobeh [*.....]
Gold:   190        SH:  0    Dex: 15    Spells: 0 memorised, 5 levels left

rFire  . . .     SeeInvis .     v - +0 whip (venom)
rCold  . . .     Clarity  .     e - +0 leather armour
rNeg   . . .     SustAb   .     (no shield)
rPois  .         Gourm    .     (no helmet)
rElec  .         Spirit   .     (no cloak)
rCorr  .         Warding  .     (no gloves)
rMut   .         Stasis   .     (no boots)
MR     .....                    (no amulet)
Stlth  ++........               (no ring)
                                (no ring)

@: not resistant to hostile enchantments, unstealthy
A: no striking features
a: Renounce Religion


You were on level 5 of the Dungeon.
You worshipped Nemelex Xobeh.
Nemelex Xobeh was aware of your devotion.
You were not hungry.

You visited 1 branch of the dungeon, and saw 5 of its levels.
You also visited: Sewer.

You collected 222 gold pieces.

Notes
Turn   | Place    | Note
--------------------------------------------------------------
     0 | D:1      | Ololoev, the High Elf Artificer, began the quest for the Orb.
     0 | D:1      | Reached XP level 1. HP: 13/13 MP: 2/2
   149 | D:1      | Reached XP level 2. HP: 15/18 MP: 4/4
   595 | D:1      | Reached skill level 4 in Evocations
   703 | D:1      | Reached XP level 3. HP: 21/23 MP: 7/7
  1502 | D:2      | Reached skill level 5 in Evocations
  2135 | D:2      | Reached XP level 4. HP: 15/28 MP: 10/10
  2716 | D:3      | Found a sparkling altar of Nemelex Xobeh.
  2720 | D:3      | Became a worshipper of Nemelex Xobeh the Trickster
  2859 | D:3      | Received a gift from Nemelex Xobeh
  3076 | D:3      | Reached skill level 6 in Evocations
  3288 | D:3      | Reached XP level 5. HP: 11/33 MP: 13/13
  3861 | D:4      | Found a staircase to the Ecumenical Temple.
  3963 | D:4      | Found a basalt altar of Yredelemnul.
  4483 | D:4      | Reached skill level 7 in Evocations
  4663 | D:4      | Found a deep blue altar of Sif Muna.
  4905 | D:5      | Entered Level 5 of the Dungeon
  4946 | D:5      | Found a glowing drain.
  4963 | D:5      | Reached XP level 6. HP: 26/38 MP: 17/17
  5053 | Sewer    | Entered a sewer
  6630 | D:5      | Found a blossoming altar of Fedhas.
  6630 | D:5      | Found a radiant altar of Vehumet.
  6750 | D:5      | Noticed a centaur
  6760 | D:5      | Killed a centaur
  6760 | D:5      | Reached skill level 8 in Evocations
  6769 | D:5      | Noticed an ice beast
  6958 | D:5      | Slain by an ice beast

Inventory:

Hand weapons
 v - a +0 whip of venom (weapon)
 A - a +0 blowgun
Missiles
 B - 2 poisoned needles
Armour
 e - a +0 leather armour (worn)
Magical devices
 c - a wand of enslavement (13)
Scrolls
 h - 3 scrolls of teleportation {unknown}
 k - 3 scrolls of remove curse
 l - a scroll of identify {unknown}
 t - a scroll of enchant armour {unknown}
Potions
 g - 5 potions of might {unknown}
 m - 2 potions of haste {unknown}
 n - a potion of cancellation {unknown}
 p - 3 potions of magic {unknown}
 q - 2 potions of heal wounds {unknown}
 r - a potion of poison {unknown}
 u - a potion of invisibility {unknown}
 x - a potion of berserk rage {unknown}
 z - a potion of degeneration {unknown}
Miscellaneous
 w - a plain deck of escape {drawn: 6}
 y - a legendary deck of war {drawn: 6}
Comestibles
 f - 3 bread rations
 i - 4 fruits
 j - 3 beef jerkies
 o - a slice of pizza
 s - a meat ration

Table legend:
 A = Turns spent in this place as a percentage of turns spent in the entire game.
 B = Non-inter-level travel turns spent in this place as a percentage of non-inter-level travel turns spent in the entire game.
 C = Inter-level travel turns spent in this place as a percentage of turns spent in this place.
 D = Turns resting spent in this place as a percentage of non-inter-level travel turns spent in this place.
 E = Turns spent auto-exploring this place as a percentage of non-inter-level travel turns spent in this place.
 F = Non-inter-level travel turns spent in this place divided by the number of levels of this place that you've seen.
                   A       B       C       D       E      F
               +-------+-------+-------+-------+-------+----------------------
         Total | 100.0 | 100.0 |   0.2 |   4.3 |   7.5 | 379.8
       Dungeon |  83.7 |  83.6 |   0.3 |   3.9 |   8.2 | 381.2
         Sewer |  16.3 |  16.4 |   0.0 |   6.4 |   4.3 | 373.0
               +-------+-------+-------+-------+-------+----------------------


   Skills:
 - Level 1.0 Fighting
   Level 1.2 Short Blades
 - Level 2.1 Dodging
 - Level 1.1 Stealth
 + Level 8.4 Evocations


You had 5 spell levels left.
You didn't know any spells.

Dungeon Overview and Level Annotations

Branches:
Dungeon (5/15)             Temple (0/1) D:4

Altars:
Fedhas
Nemelex Xobeh
Sif Muna
Vehumet
Yredelemnul


Message History

The ice beast is lightly wounded.
The ice beast completely misses you.
You closely miss the ice beast.
The ice beast is lightly wounded.
The ice beast hits you. The ice beast freezes you!
You closely miss the ice beast.
The ice beast is lightly wounded.
The ice beast completely misses you.
You hit the ice beast but do no damage.
The ice beast is lightly wounded.
The ice beast barely misses you.
You hit the ice beast.
The ice beast is moderately wounded.
The ice beast hits you. The ice beast freezes you!
The ice beast barely misses you.
You hit the ice beast.
The ice beast is moderately wounded.
Your fortitude fades away.
The ice beast hits you but does no damage.
Evoke which item? (* to show all) (? for menu, Esc to quit)
You draw a card...
It is the Alchemist.
You feel better. 22 of your gold pieces vanish!
The ice beast barely misses you.
You hit the ice beast but do no damage.
The ice beast is moderately wounded.
The ice beast closely misses you.
You hit the ice beast.
The ice beast is heavily wounded.
The ice beast hits you. The ice beast freezes you!
You closely miss the ice beast.
The ice beast is heavily wounded.
Your aura of abjuration expires.
The ice beast hits you but does no damage.
You see here a hand axe.
Things that are here:
a dagger; a robe; 3 chunks of flesh Evoke which item? (* to show all) (? for menu, Esc to quit)
You draw a card...
It is Velocity.
The ice beast seems to speed up.
The ice beast hits you. The ice beast freezes you!
You die...
Your body disappears without a glow.

.................'.............+,
.................##.####+##+##'#,
#'#.......#'##....#.###,,,,,,....
..+.......#..#....#...#,,,,,,....
..#.......#..#....#...#,,,,,,....
..#.......'..'..[.'...#,,,,,.....
..#.......#..#..).#...'..,,,,...,
..........####..Y.###.#.,,,,,,,,,
################@.).#.##,,,,***+*
#..<....).(..((.'.,,,*,,,, ###
#.......#....#..#,.,,+,,,,
#.######......#....#'##...,*,,,,
#.....##......#.(.........,*,,,,
#.........##..#...........,*,,,,
#.........##..#............+,,,,
##.............#............*,,,,
#...##'###'##..###'#....#+##**+**


You could see an ice beast.

Table legend:
 A = Kills in this place as a percentage of kills in entire the game.
 B = Kills by you in this place as a percentage of kills by you in the entire game.
 C = Kills by friends in this place as a percentage of kills by friends in the entire game.
 D = Other kills in this place as a percentage of other kills in the entire game.
 E = Experience gained in this place as a percentage of experience gained in the entire game.
 F = Experience gained in this place divided by the number of levels of this place that you have seen.
                   A       B       C       D       E      F
               +-------+-------+-------+-------+-------+----------------------
         Total | 100.0 | 100.0 | 100.0 |  -nan | 100.0 | 112.0
       Dungeon |  82.3 |  80.6 | 100.0 |  -nan |  87.9 | 118.2
         Sewer |  17.7 |  19.4 |   0.0 |  -nan |  12.1 |  81.0
               +-------+-------+-------+-------+-------+----------------------

Vanquished Creatures
  A centaur (D:5)
  A scorpion (D:4)
  An orc wizard (D:5)
  8 adders
  3 gnolls (D:4)
  3 giant mites
  2 worms (D:2)
  4 giant geckos
  2 oozes
  7 orcs
  2 ball pythons (Sewer)
  9 bats
  A bat skeleton (D:5)
  5 giant cockroaches
  5 hobgoblins
  5 jackals (Sewer)
  2 quokkas
  8 giant newts
  8 goblins
  14 kobolds
  12 rats
  A plant (Sewer)
104 creatures vanquished.

Vanquished Creatures (collateral kills)
  2 worker ants
  An orc priest (D:5)
  An orc wizard (D:5)
  A giant mite (D:3)
  3 orcs
  A kobold (D:3)
  A rat (D:3)
10 creatures vanquished.

Grand Total: 114 creatures vanquished

Action                   |  1- 3 |  4- 6 || total
-------------------------+-------+-------++-------
Melee: Short sword       |   160 |   351 ||   511
       Whip              |       |    32 ||    32
 Fire: Blowgun           |       |     7 ||     7
Evoke: Wand              |     8 |    24 ||    32
       Deck              |       |    12 ||    12
  Use: Scroll            |       |     5 ||     5
 Stab: Sleeping          |     1 |     3 ||     4
  Eat: Chunk             |     4 |    16 ||    20

Vault maps used:
D:1:      lemuel_arrival_behind_the_door_small, minmay_misc_feat_pillars,
          hangedman_glass_teeth
D:3:      dk_noncrumbling_4, nemelex_deck
D:4:      yredelemnul_altar_generic, minmay_temple_entry_junction,
          corexii_checkpoint_a, led_sif_pool
D:5:      gammafunk_temple_overflow_elements, portal_sewer_entry_d, first_bread,
          kennysheep_diamond, nicolae_ru_the_path_less_chosen
Sewer:    sewer_co_scattered_pipes
